 Dungeon Crawl Stone Soup version 0.32-a0-468-g38b2580584 (webtiles) character file.

Game seed: 9627268438740715515

93 Goblin1989 the Sneak (level 4, -2/35 HPs)
             Began as a Demonspawn Delver on Feb 25, 2024.
             Was an Initiate of Okawaru.
             Killed by divine providence
             ... invoked by an orc priest
              (12 damage)
             ... on level 2 of the Dungeon.
             The game lasted 00:05:14 (1202 turns).

Goblin1989 the Sneak (Demonspawn Delver)            Turns: 1202, Time: 00:05:14

Health: -2/35      AC:  8    Str: 12    XL:     4   Next: 37%
Magic:  13/13      EV: 10    Int: 11    God:    Okawaru [......]
Gold:   77         SH:  5    Dex: 18    Spells: 3/3 levels left

rFire   . . .        h - +6 trident "Gaonud" {drain, MP+9 Dex+2}
rCold   . . .        j - +0 buckler
rNeg    . . .        n - +3 ring mail
rPois   .            (no helmet)
rElec   .            (no cloak)
rCorr   .            (no gloves)
SInv    .            (no boots)
Will    .....        (no amulet)
Stlth   ++           (no ring)
HPRegen 0.25/turn    (no ring)
MPRegen 0.13/turn

%: no passive effects
@: no status effects
A: demonic magic 1
a: Renounce Religion


You were on level 2 of the Dungeon.
You worshipped Okawaru.
Okawaru was noncommittal.
You visited 1 branch of the dungeon, and saw 5 of its levels.

You collected 77 gold pieces.

Inventory:

Hand Weapons
 h - the +6 trident "Gaonud" (weapon) {drain, MP+9 Dex+2}
   (You found it on level 2 of the Dungeon)

   Dex+2:     It affects your dexterity (+2).
   MP+9:      It affects your magic capacity (+9).
 m - a +2 dagger of venom
Missiles
 l - 31 stones (quivered)
Armour
 j - a +0 buckler (worn)
 n - a +3 ring mail (worn)
 t - a +0 helmet
Jewellery
 o - an amulet of magic regeneration
 s - a ring of fire
Wands
 g - a wand of digging (3) {@v3}
Scrolls
 c - a scroll of fog
 e - a scroll of fear
 q - a scroll of amnesia {unknown}
 r - a scroll of vulnerability {unknown}
Potions
 i - 2 potions of curing {unknown}
 p - a potion of lignification {unknown}


   Skills:
 + Level 3.1 Fighting
 - Level 2.6 Short Blades
 * Level 1.2 Polearms
 + Level 0.4 Armour
 + Level 2.0 Dodging
 - Level 5.1 Stealth
 + Level 0.8 Shields
 + Level 0.0 Invocations


You had 3 spell levels left.
You didn't know any spells.
Your spell library contained the following spells:

 Spells                   Type           Power      Damage    Failure   Level
 Apportation              Tloc           0%         N/A       75%         1
 Necrotise                Necr           0%         1d4       75%         1
 Sting                    Conj/Alch      0%         1d3       75%         1
 Summon Small Mammal      Summ           Unusable   N/A       N/A         1

Dungeon Overview and Level Annotations

Branches:
Dungeon (5/15) Zot: 26269
 Temple: D:4-7

Altars:
Okawaru

Annotations:
D:4 Dowan, Duvessa


Innate Abilities, Weirdness & Mutations

Spells you cast may paralyse adjacent enemies.


Message History

No target in view!
No target in view!
No target in view!
No target in view!
No target in view!
No target in view!
No target in view!
No target in view!
A ball python is nearby!
A ball python is nearby!
You reach to attack!
The helpless ball python fails to defend itself.
You puncture the ball python!
You kill the ball python!
Okawaru accepts your kill.
No target in view!
No target in view!
No target in view!
No target in view!
No target in view!
No target in view!
No target in view!
No target in view!
No target in view!
No target in view!
No target in view!
No target in view!
No target in view!
No target in view!
No target in view!
No target in view!
An orc comes into view. It is wielding a +0 short sword.
An orc is nearby!
An orc is nearby!
You reach to attack!
You hit the orc.
The orc is almost dead.
The orc barely misses you.
You puncture the orc!
You kill the orc!
Okawaru accepts your kill.
Your Dodging skill increases to level 2!
No target in view!
No target in view!
No target in view!
No target in view!
No target in view!
No target in view!
No target in view!
No target in view!
No target in view!
No target in view!
No target in view!
No target in view!
No target in view!
No target in view!
No target in view!
No target in view!
No target in view!
No target in view!
No target in view!
No target in view!
There is a stone staircase leading down here.
You now have 71 gold pieces (gained 7).
s - a ring of fire You now have 77 gold pieces (gained 6).
Found a helmet.
Okay, then.
An orc, an orc priest and a rat come into view.
Found a scroll labelled BAPHIB FOAT.
The orc priest moves out of view.
The helpless rat fails to defend itself.
You puncture the rat!
You kill the rat!
Okawaru accepts your kill.
The orc priest mumbles some strange prayers to Beogh against you.
Beogh smites you!
The orc shouts!
You take 16 damage, and have 19/35 hp.
MASSIVE DAMAGE!!
You are too injured to fight recklessly!
A ball python comes into view.
A kobold comes into view. It is wielding a +0 whip.
Found a stone staircase leading up.
You see here a +0 helmet.
t - a +0 helmet The kobold shouts!
The ball python hisses angrily.
The orc priest invokes the aid of Beogh against you.
Beogh smites you!
* * * LOW HITPOINT WARNING * * *
You take 11 damage, and have 9/35 hp.
MASSIVE DAMAGE!!
A bat comes into view.
Found an escape hatch in the ceiling.
The ball python bites you but does no damage.
The ball python closely misses you.
The orc priest begins to cast a cantrip, but forgets the words!
The ball python closely misses you. The ball python barely misses you.
You puncture the ball python!
You kill the ball python!
Okawaru accepts your kill.
The orc priest invokes the aid of Beogh against you.
Beogh smites you!
You die...

.█████ █.█ .█ █.█
█. .█
.█████████.████.█.█
...........<<.....█
.███████████..█.█.█
.█ ...... .█ ██
█...█████.b ██ █.
█......... █ █.
██.@.█ █ █████.
███o..██
█.?oo.███.....█
█.o..██..█ ███.█
██.███†...█ ....█
██..█ .█..█
███████..██ .█K.█
██..██ █.█..█
██..██ .█<..


You could see an orc priest, an orc, a bat (asleep) and a kobold.

Vanquished Creatures
  A hound (D:5)
  A ribbon worm (D:2)
  2 dart slugs
  4 orcs (D:2)
  5 bats (D:1)
  4 endoplasms
  2 giant cockroaches (D:1)
  4 goblins (D:1)
  4 hobgoblins (D:1)
  3 jackals (D:2)
  3 quokkas
  5 ball pythons
  A frilled lizard (D:1)
  7 kobolds
  7 rats
53 creatures vanquished.

Notes
Turn   | Place    | Note
-------+----------+-------------------------------------------
     0 | D:5      | Goblin1989 the Demonspawn Delver began the quest for the
                  | Orb.
     0 | D:5      | Reached XP level 1. HP: 18/18 MP: 1/1
    19 | D:5      | Noticed a hound
    30 | D:5      | Killed a hound
    31 | D:5      | Reached skill level 5 in Stealth
    31 | D:5      | Gained mutation: Spells you cast may paralyse adjacent
                  | enemies. [demonic ancestry]
    31 | D:5      | Reached XP level 2. HP: 5/24 MP: 2/2
   142 | D:4      | Noticed Duvessa
   142 | D:4      | Noticed Dowan
   260 | D:2      | Reached XP level 3. HP: 29/29 MP: 3/3
   308 | D:2      | Identified the +6 trident "Gaonud" {drain, MP+9 Dex+2}
   404 | D:2      | Found an iron altar of Okawaru.
   457 | D:2      | Became a worshipper of Warmaster Okawaru
   569 | D:1      | Reached skill level 1 in Polearms
   575 | D:1      | Reached XP level 4. HP: 35/35 MP: 4/4
  1202 | D:2      | Killed from afar by an orc priest

Illustrated notes

Levels and vault maps discovered:
D:1:      ncdulo_halloftheorcs, layout_basic
D:2:      layout_rooms, basic_altar, minmay_hexomino_f4
D:3:      layout_basic, kennysheep_cross_room
D:4:      minmay_skewed_foursquare, layout_rooms, uniq_pikel, uniq_eustachio,
          uniq_duvessa
D:5:      kennysheep_kobold_camp, layout_loops_ring,
          nicolae_dithmenos_through_a_glass_darkly,
          minmay_temple_entry_overgrown

Skill      XL: |  1  2  3  4 |
---------------+-------------+-----
Short Blades   | 2 |  2.6
Stealth        | 5 |  5.1
Polearms       | 1 |  1.2
Dodging        | 2 |  2.0
Fighting       | |  3.1
Armour         | |  0.4
Shields        | |  0.8

Action                     |  1- 3 |  4- 6 || total
---------------------------+-------+-------++-------
  Melee: Short sword       |    37 |       ||    37
         Trident           |    41 |    28 ||    69
    Use: Scroll            |     1 |       ||     1
         Potion            |     1 |       ||     1
   Stab: Sleeping          |     6 |     9 ||    15
         Distracted        |     1 |       ||     1
 Armour: Leather armour    |    25 |       ||    25
         Ring mail         |    14 |     4 ||    18
  Dodge: Dodged            |    46 |     8 ||    54
  Block: Buckler           |     7 |     1 ||     8

Table legend: (Time is in decaauts)
 A = Elapsed time spent in this place.
 B = Non-inter-level travel time spent in this place.
 C = Inter-level travel time spent in this place.
 D = Time resting spent in this place.
 E = Time spent auto-exploring this place.
 F = Levels seen in this place.
 G = Mean time per level.
                   A        B        C        D        E       F      G
               +--------+--------+--------+--------+--------+-----+--------+
         Total |   1202 |   1175 |     27 |     70 |    596 |   5 |  240.4 |
       Dungeon |   1202 |   1175 |     27 |     70 |    596 |   5 |  240.4 |
               +--------+--------+--------+--------+--------+-----+--------+

Top non-repeatable levels by time:
     D:1: 631 daAuts
     D:2: 348 daAuts
     D:5: 141 daAuts
     D:3: 74 daAuts
     D:4: 7 daAuts
